 Dungeon Crawl Stone Soup version 0.25-a0-737-g26c3a87 (webtiles) character file.

Game seed: 384418885747098532, levelgen mode: deterministic

84 JarJarBinks the Chiller (level 4, 0/30 HPs)
             Began as a Human Ice Elementalist on Apr 11, 2020.
             Slain by Grinder (4 damage)
             ... while paralysed by Grinder
             ... on level 3 of the Dungeon.
             The game lasted 00:08:33 (2210 turns).

JarJarBinks the Chiller (Human Ice Elementalist)    Turns: 2210, Time: 00:08:33

Health: 0/30       AC:  5    Str:  9    XL:     4   Next: 74%
Magic:  4/8        EV:  2    Int: 16    God:
Gold:   115        SH:  0    Dex: 13    Spells: 0/8 levels left

rFire    . . .     SeeInvis .   i - +0 short sword
rCold    . . .     Gourm    .   (no shield)
rNeg     . . .     Faith    .   a - +0 robe
rPois    .         Spirit   .   (no helmet)
rElec    .         Reflect  .   (no cloak)
rCorr    .         Harm     .   (no gloves)
MR       .....                  d - +2 pair of boots
Stlth    ++........             (no amulet)
HPRegen  0.10/turn              (no ring)
MPRegen  0.11/turn              (no ring)

@: paralysed
A: no striking features
a: no special abilities


You were on level 3 of the Dungeon.
You were not hungry.

You visited 1 branch of the dungeon, and saw 3 of its levels.

You collected 115 gold pieces.

Inventory:

Hand Weapons
 i - a +0 short sword (weapon)
Armour
 a - a +0 robe (worn)
 d - a +2 pair of boots (worn)
Scrolls
 e - 2 scrolls of identify
Potions
 b - a potion of curing {unknown}
 f - a potion of might {unknown}
Comestibles
 c - a chunk of flesh


   Skills:
 + Level 0.0 Fighting
 - Level 2.0 Dodging
 - Level 2.0 Stealth
 - Level 2.9 Spellcasting
 * Level 1.4 Summonings
 - Level 4.8 Ice Magic


You couldn't memorise any spells.
You knew the following spells:

 Your Spells              Type           Power        Failure   Level  Hunger
a - Freeze                Ice            ###.         2%          1    #......
b - Frozen Ramparts       Ice            ###...       8%          3    ###....
c - Summon Ice Beast      Ice/Summ       ##......     45%         4    #####..

Your spell library contained the following spells:

 Spells                   Type           Power        Failure   Level  Hunger
 Ozocubu's Armour         Chrm/Ice       ##......     21%         3    ###....
 Hailstorm                Conj/Ice       ##......     56%         4    #####..


Dungeon Overview and Level Annotations

Branches:
Dungeon (3/15)

Altars:
Cheibriados
Dithmenos

Annotations:
D:3 Grinder


Message History

There is a stone staircase leading up here.
You closely miss Grinder.
Grinder is lightly wounded.
Grinder completely resists.
The wall freezes Grinder but do no damage.
Grinder blinks!
Grinder completely resists.
The wall freezes Grinder but do no damage.
Grinder completely resists.
The wall freezes Grinder but do no damage.
Grinder gestures at you.
You suddenly lose the ability to move!
The frozen ramparts melt away.
Grinder gestures at you. Pain shoots through your body!
* * * LOW HITPOINT WARNING * * *
Grinder hits you.
* * * LOW HITPOINT WARNING * * *
You writhe in agony.
You die...

#.#.#.#.#.#.#.
###..#.#.#.#.#.#
#...#%#.#.#.#.#.
####....#.#.#.#.#.#
#......#.#.#.#.#.#.
#.##...'#.#.#.#.#.#
#..#...#.#.#.#.#.#.
##5#.#..#.#.#.#.#.
#@#.###.#.#.#.#.
#.#.. #.#.#.#.
#<### #.#.#. ###
#.#.


You could see Grinder.

Vanquished Creatures
  3 adders
  An ooze (D:1)
  2 worms (D:2)
  4 dart slugs
  3 bats
  2 giant cockroaches (D:1)
  4 hobgoblins
  8 kobolds
  A quokka (D:2)
  5 frilled lizards
  4 goblins (D:1)
  5 rats
42 creatures vanquished.

Notes
Turn   | Place    | Note
-------+----------+-------------------------------------------
     0 | D:1      | JarJarBinks the Human Ice Elementalist began the quest for
                  | the Orb.
     0 | D:1      | Reached XP level 1. HP: 13/13 MP: 3/3
   270 | D:1      | Reached XP level 2. HP: 19/19 MP: 1/5
   478 | D:1      | Reached XP level 3. HP: 8/24 MP: 0/6
   787 | D:1      | Learned a level 3 spell: Frozen Ramparts
  1199 | D:2      | Reached XP level 4. HP: 19/30 MP: 1/8
  1305 | D:2      | Learned a level 4 spell: Summon Ice Beast
  1374 | D:2      | Found a snail-covered altar of Cheibriados.
  1965 | D:2      | Reached skill level 1 in Summonings
  2002 | D:2      | Found a shadowy altar of Dithmenos.
  2180 | D:3      | Noticed Grinder
  2208 | D:3      | Paralysed by Grinder for 6 turns
  2210 | D:3      | Slain by Grinder

Levels and vault maps discovered:
D:1:      dpeg_arrival_arbitrary_b, layout_loops_cross
D:2:      layout_basic, marbit_many_paths, kennysheep_slug_shrine
D:3:      layout_basic, uniq_grinder

Skill      XL: |  1  2  3  4 |
---------------+-------------+-----
Summonings     | 1 |  1.4
Dodging        | |  2.0
Stealth        | |  2.0
Spellcasting   | |  2.9
Ice Magic      | |  4.8

Action                   |  1- 3 |  4- 6 || total
-------------------------+-------+-------++-------
Melee: Dagger            |    25 |       ||    25
       Short sword       |       |    38 ||    38
 Cast: Freeze            |    32 |     6 ||    38
       Frozen Ramparts   |     4 |     7 ||    11
  Use: Scroll            |       |     6 ||     6
 Stab: Sleeping          |       |     1 ||     1
  Eat: Ration            |     1 |       ||     1
       Chunk             |       |     2 ||     2
Armor: Robe              |    17 |     5 ||    22
Dodge: Dodged            |    39 |    33 ||    72

Table legend:
 A = Non-vault XP
 B = Vault XP
 C = Vault XP percentage of total XP
 D = Non-vault monster count
 E = Vault monster count
 F = Vault count percentage of total count
                 A         B        C        D         E       F
            +---------+---------+-------+---------+---------+-------
      Total |     104 |      17 |  14.0 |      40 |       2 |   4.8
            +---------+---------+-------+---------+---------+-------
        D:1 |      48 |       0 |   0.0 |      21 |       0 |   0.0
        D:2 |      42 |      17 |  28.8 |      17 |       2 |  10.5
        D:3 |      14 |       0 |   0.0 |       2 |       0 |   0.0
            +---------+---------+-------+---------+---------+-------
